Map: Cactus Valley LE (Void)

Players

Yav

  • Race: Protoss Protoss
  • League: Master
  • Spawn Location: 11:00

Railgan - Winner!

  • Race: Zerg Zerg
  • League: Grandmaster
  • Spawn Location: 1:00

VOD

Have the link to the VOD?

Description

Time

  • Played on: March 24, 2017, 11:50 a.m.
  • Length: 3:51
Show
View Real Time Build Order
Export as new Build Order

Yav Protoss 

Build Orders: 1 Gate Expand 

Get SALT Encoding   

  12  0:00  Probe (Chrono Boost)  
  13  0:12  Probe (Chrono Boost)  
  14  0:19  Pylon  
  14  0:22  Probe (Chrono Boost)  
  15  0:37  Probe (Chrono Boost)  
  16  0:42  Gateway  
  16  0:45  Assimilator  
  16  0:48  Probe (Chrono Boost)  
  17  0:58  Probe (Chrono Boost)  
  18  1:09  Probe (Chrono Boost)  
  19  1:19  Probe (Chrono Boost)  
  20  1:27  Nexus  
  20  1:35  Cybernetics Core  
  20  1:38  Probe (Chrono Boost)  
  21  1:44  Assimilator  
  21  1:49  Probe (Chrono Boost)  
  21  1:54  Pylon  
  22  2:00  Probe (Chrono Boost)  
  23  2:08  Adept  
  23  2:13  Probe (Chrono Boost)  
  26  2:25  Probe (Chrono Boost)  
  26  2:27  Twilight Council  
  27  2:36  Adept  
  28  2:38  Probe (Chrono Boost)  
  28  2:39  Probe (Chrono Boost)  
  31  2:50  Probe x2 (Chrono Boost)  
  32  3:02  Probe (Chrono Boost)  
  32  3:03  Probe (Chrono Boost)  
  34  3:12  Probe (Chrono Boost)  
  35  3:13  Gateway  
  35  3:14  Gateway  
  35  3:16  Probe (Chrono Boost)  
  36  3:23  Probe (Chrono Boost)  
  36  3:25  Robotics Facility  
  37  3:28  Probe (Chrono Boost)  
  38  3:36  Probe (Chrono Boost)  
  38  3:37  Pylon  
  38  3:38  Probe (Chrono Boost)  
Show
View Real Time Build Order
Export as new Build Order

Railgan Zerg - Winner!

Build Orders: Pool First 

Get SALT Encoding   

  12  0:02  Drone  
  13  0:12  Overlord  
  13  0:17  Drone  
  14  0:30  Drone x2  
  14  0:34  Drone  
  17  0:45  Extractor, Drone  
  17  0:52  Spawning Pool  
  17  0:56  Drone  
  17  1:07  Drone  
  18  1:19  Hatchery  
  18  1:22  Drone  
  18  1:28  Drone  
  19  1:39  Queen  
  21  1:41  Zergling x2  
  22  1:50  Metabolic Boost  
  22  1:59  Roach Warren  
  21  2:01  Drone  
  22  2:09  Overlord  
  22  2:15  Overlord  
  22  2:41  Roach x3  
  22  2:42  Roach  
  30  2:48  Roach x2  
  33  2:54  Roach  
  33  2:57  Zergling x4  
  37  3:02  Overlord  
  37  3:06  Zergling x2  
  37  3:11  Zergling x2  
  39  3:15  Zergling x2  
  40  3:21  Zergling x2  
  40  3:22  Zergling x4  
  40  3:24  Ravager  
  40  3:26  Zergling x2  
  45  3:30  Zergling x2  
Tags
 
Add a new tag
Caveats
  • Supply blocks, unpowered buildings, or Contaminate may cause inaccurate times.
  • Supply counts are checked every 10 seconds.